 Dungeon Crawl Stone Soup version 0.20.1-1-g8b1a95d (webtiles) character file.

909 wojtek the Reanimator (level 8, 0/41 HPs)
             Began as a Kobold Necromancer on Dec 23, 2017.
             Succumbed to an adder's poison
             ... on level 5 of the Dungeon.
             The game lasted 00:15:16 (8314 turns).

wojtek the Reanimator (Kobold Necromancer)          Turns: 8314, Time: 00:15:16

Health: 0/41       AC:  3    Str:  4 (6)  XL:     8   Next: 29%
Magic:  4/12       EV: 15    Int: 16 (18) God:
Gold:   230        SH:  0    Dex: 14 (15) Spells: 3/12 levels left

rFire    . . .     SeeInvis .   a - +0 dagger
rCold    . . .     Gourm    .   (shield restricted)
rNeg     . . .     Faith    .   d - +0 robe
rPois    .         Spirit   .   (no helmet)
rElec    .         Reflect  .   (no cloak)
rCorr    .         Harm     .   v - +0 pair of gloves
MR       .....                  (no boots)
Stlth    ++........             (no amulet)
Regen    0.2/turn               (no ring)
MPRegen  0.2/turn               (no ring)

@: lethally poisoned (0 -> -8), hasted, very quick
A: carnivore 3
a: no special abilities


You were on level 5 of the Dungeon.
You were very full.

You visited 1 branch of the dungeon, and saw 5 of its levels.

You collected 230 gold pieces.

Inventory:

Hand Weapons
 a - a +0 dagger (weapon)
Armour
 d - a +0 robe (worn)
 v - a +0 pair of gloves (worn)
Jewellery
 y - a cursed ring of teleportation {unknown}
Wands
 x - a wand of iceblast (7/15)
Scrolls
 e - a scroll of noise {unknown}
 f - a scroll of amnesia {unknown}
 h - a scroll of teleportation {unknown}
 i - 2 scrolls of enchant armour {unknown}
 j - a scroll of fear {unknown}
 m - 3 scrolls of magic mapping {unknown}
 n - 4 scrolls of identify {unknown}
 o - 5 scrolls of remove curse {unknown}
 w - a scroll of random uselessness {unknown}
Potions
 g - 2 potions of degeneration
 l - 2 potions of lignification {unknown}
 p - 2 potions of magic {unknown}
 q - 3 potions of agility {unknown}
 r - 4 potions of heal wounds {unknown}
 t - 2 potions of berserk rage {unknown}
 u - a potion of mutation {unknown}
 z - a potion of brilliance {unknown}
Books
 b - a book of Necromancy

   Spells                             Type                      Level
   a - Pain                           Necromancy                   1
   b - Animate Skeleton               Necromancy                   1
   c - Vampiric Draining              Necromancy                   3
   d - Regeneration                   Charms/Necromancy            3
   e - Animate Dead                   Necromancy                   4
   f - Control Undead                 Necromancy                   4
Comestibles
 c - 2 meat rations
 s - 2 royal jellies


   Skills:
 - Level 2.4 Dodging
 - Level 2.6 Stealth
 + Level 2.9 Spellcasting
 + Level 9.6 Necromancy


You had 3 spell levels left.
You knew the following spells:

 Your Spells              Type           Power        Failure   Level  Hunger
a - Pain                  Necr           ####         1%          1    #......
c - Control Undead        Necr           ####......   3%          4    #####..
d - Animate Dead          Necr           N/A          3%          4    #####..


Dungeon Overview and Level Annotations

Branches:
Dungeon (5/15)
 Temple: D:4-7

Altars:
Ashenzari
Cheibriados
Dithmenos
Fedhas
Nemelex Xobeh
Qazlal
Ru
Vehumet
Zin

Annotations:
D:4 exclusion: upstairs


Innate Abilities, Weirdness & Mutations

You are small and have problems with some larger weapons.
You are carnivorous and can eat meat at any time.


Message History

The adder barely misses you. The adder bites you.
* * * LOW HITPOINT WARNING * * *
You are poisoned.
The adder poisons you!
You feel sick.
You feel sick. The adder bites you.
* * * LOW HITPOINT WARNING * * *
You are more poisoned.
The adder poisons you!
* * * LOW HITPOINT WARNING * * *
You feel sick.
It was a potion of degeneration.
There was something very wrong with that liquid.
You feel weakened.
You feel dopey.
You feel clumsy.
* * * LOW HITPOINT WARNING * * *
You feel sick. The adder barely misses you.
It was a potion of haste.
You feel yourself speed up.
You die...

#....# ###.....# #.#.5#
###.###.#.# #.#..# #...#
#...# #.#..# #.### #.#
#.#..## #.# #.# ###
#.....## #.# ##.#....
##....5#####.######.......
#...[.............<....###
#.......S@#########....#
#.......### ##.#.#
##....>## #.#.# ##....#
#.#.# ####.# #.#.# #.#
#.#.# #.# #.#.# #<# #.#.#
#.# #.#.###


You could see an adder and a shadow imp.

Vanquished Creatures
  An ice beast (D:5)
  2 ogres
  A centaur (D:5)
  A bullfrog zombie (D:5)
  2 orc priests (D:4)
  A jelly (D:5)
  2 orc wizards
  A hound (D:4)
  3 iguanas
  2 worker ants
  A killer bee zombie (D:5)
  4 adders
  An ooze (D:4)
  An adder zombie (D:5)
  2 worms (D:3)
  6 leopard geckos
  10 orcs
  4 giant cockroaches
  3 goblins
  6 hobgoblins
  7 jackals
  7 kobolds
  A quokka (D:4)
  2 ball pythons
  11 bats
  6 frilled lizards
  A leopard gecko skeleton (D:4)
  13 rats
102 creatures vanquished.

Vanquished Creatures (collateral kills)
  A centaur (D:5)
  A scorpion (D:5)
  A jelly (D:5)
  An orc (D:5)
  A quokka skeleton (D:5)
5 creatures vanquished.

Grand Total: 107 creatures vanquished

Notes
Turn   | Place    | Note
-------+----------+-------------------------------------------
     0 | D:1      | wojtek the Kobold Necromancer began the quest for the Orb.
     0 | D:1      | Reached XP level 1. HP: 10/10 MP: 3/3
   244 | D:1      | Reached XP level 2. HP: 9/15 MP: 3/5
   873 | D:1      | Reached XP level 3. HP: 10/19 MP: 1/6
  1478 | D:1      | Reached skill level 5 in Necromancy
  1762 | D:2      | Found a sparkling altar of Nemelex Xobeh.
  2098 | D:2      | Found a glowing silver altar of Zin.
  2232 | D:2      | Found a shadowy altar of Dithmenos.
  2409 | D:2      | Found a stormy altar of Qazlal.
  2806 | D:3      | Reached XP level 4. HP: 24/24 MP: 7/7
  3638 | D:3      | Found a sacrificial altar of Ru.
  3679 | D:3      | Reached XP level 5. HP: 28/28 MP: 8/8
  3721 | D:3      | Found a shattered altar of Ashenzari.
  3760 | D:2      | Reached skill level 6 in Necromancy
  4918 | D:4      | Noticed a phantom
  5197 | D:4      | Reached XP level 6. HP: 9/32 MP: 0/9
  5674 | D:4      | Reached skill level 7 in Necromancy
  5841 | D:4      | Noticed an ogre
  6514 | D:4      | Found a blossoming altar of Fedhas.
  6580 | D:5      | Entered Level 5 of the Dungeon
  6629 | D:5      | Noticed an ogre
  6637 | D:5      | Killed an ogre
  6637 | D:5      | Reached skill level 8 in Necromancy
  6637 | D:5      | Reached XP level 7. HP: 29/36 MP: 1/10
  7780 | D:4      | Learned a level 4 spell: Control Undead
  7785 | D:4      | Learned a level 4 spell: Animate Dead
  7811 | D:4      | Reached skill level 9 in Necromancy
  7901 | D:5      | Found a radiant altar of Vehumet.
  7915 | D:5      | Reached XP level 8. HP: 36/41 MP: 7/11
  8262 | D:5      | Found a snail-covered altar of Cheibriados.
  8311 | D:5      | HP: 2/41 [adder (4)]
  8314 | D:5      | Succumbed to an adder's poison

Skill      XL: |  1  2  3  4  5  6  7 |
---------------+----------------------+-----
Necromancy     | 5 6 8 9 |  9.6
Dodging        | |  2.4
Stealth        | |  2.6
Spellcasting   | |  2.9

Action                   |  1- 3 |  4- 6 |  7- 9 || total
-------------------------+-------+-------+-------++-------
Melee: Dagger            |   108 |    90 |    40 ||   238
 Cast: Pain              |    40 |   101 |    45 ||   186
       Control Undead    |       |       |     7 ||     7
       Animate Dead      |       |       |     2 ||     2
  Use: Potion            |       |       |     2 ||     2
 Stab: Sleeping          |    11 |     8 |       ||    19
  Eat: Chunk             |    15 |    13 |     5 ||    33
Armor: Robe              |    14 |    22 |     8 ||    44
Dodge: Dodged            |    70 |    94 |    70 ||   234
